 Dungeon Crawl Stone Soup version 0.32-a0-576-g706899e69d (webtiles) character file.

Game seed: 7030590730588935153

308 Aldia the Slasher (level 6, 0/47 HPs)
             Began as a Coglin Warper on Mar 2, 2024.
             Slain by a gnoll
             ... wielding a +0 whip
              (2 damage)
             ... on level 3 of the Dungeon.
             The game lasted 00:04:33 (1766 turns).

Aldia the Slasher (Coglin Warper)                   Turns: 1766, Time: 00:04:35

Health: 0/47       AC:  4    Str: 12    XL:     6   Next: 40%
Magic:  9/9        EV: 12    Int: 12    God:
Gold:   77         SH:  0    Dex: 15    Spells: 7/9 levels left

rFire   . . .        a - +0 falchion {Ximena}
rCold   . . .        f - +0 short sword (speed) {Enrique}
rNeg    + + .        q - +2 robe of Greater Demons {^Drain rElec rPois rN++}
rPois   +            (no helmet)
rElec   +            (no cloak)
rCorr   .            (no gloves)
SInv    .            (no boots)
Will    .....        (amulet unavailable)
Stlth   +            (ring unavailable)
HPRegen 0.27/turn    (ring unavailable)
MPRegen 0.11/turn    (no gizmo)

%: no passive effects
@: revved
A: off-hand wielding, slow wielding, warmup strikes, no jewellery
a: Invent Gizmo


You were on level 3 of the Dungeon.
You visited 1 branch of the dungeon, and saw 3 of its levels.

You collected 77 gold pieces.

Inventory:

Hand Weapons
 a - a +0 falchion (weapon) {Ximena}
 e - a +0 dagger {Santos}
 f - a +0 short sword of speed (offhand) {Enrique}
Missiles
 d - 7 darts of dispersal (quivered)
 l - 6 poisoned darts
Armour
 b - a +0 leather armour
 q - the +2 robe of Greater Demons (worn) {^Drain rElec rPois rN++}
   (You found it on level 2 of the Dungeon)

   rElec:     It insulates you from electricity.
   rPois:     It protects you from poison.
   rN++:      It greatly protects you from negative energy.
   ^Drain:    It drains your maximum health when unequipped.
Scrolls
 c - a scroll of blinking
 g - a scroll of immolation {unknown}
 j - a scroll of enchant weapon {unknown}
 k - a scroll of noise
 r - a scroll of revelation
 s - a scroll of vulnerability {unknown}
Potions
 h - a potion of lignification
 n - a potion of curing {unknown}
 o - 2 potions of enlightenment
 p - a potion of haste {unknown}


   Skills:
 + Level 3.4 Fighting
 * Level 4.7 Long Blades
 - Level 0.8 Throwing
 - Level 1.0 Armour
 + Level 2.2 Dodging
 - Level 2.0 Spellcasting
 + Level 4.0 Translocations


You had 7 spell levels left.
You knew the following spells:

 Your Spells              Type           Power      Damage    Failure   Level
a - Blink                 Tloc           20%        N/A       8%          2

Your spell library contained the following spells:

 Spells                   Type           Power      Damage    Failure   Level
 Lesser Beckoning         Tloc           20%        N/A       8%          2
 Teleport Other           Tloc           10%        N/A       16%         3
 Manifold Assault         Tloc           10%        N/A       45%         4
 Call Canine Familiar     Summ           1%         N/A       63%         3
 Hailstorm                Conj/Ice       1%         3d5       63%         3
 Sigil of Binding         Hex            1%         N/A       63%         3
 Summon Ice Beast         Ice/Summ       1%         N/A       63%         3
 Dimensional Bullseye     Hex/Tloc       3%         N/A       75%         4
 Vhi's Electric Charge    Tloc/Air       12%        N/A       75%         4
 Sculpt Simulacrum        Ice/Alch       0%         N/A       100%        6


Dungeon Overview and Level Annotations

Branches:
Dungeon (3/15)

Altars:
Fedhas
Vehumet
Yredelemnul

Annotations:
D:3 2 runed translucent doors


Innate Abilities, Weirdness & Mutations

You can wield a second weapon in your off-hand.
It takes a long time for you to wield or remove held weapons.
Your first few attacks do less damage.
You cannot equip rings or amulets.


Message History

You are too injured to fight recklessly!
You are too injured to fight recklessly!
Unknown command.
You closely miss the gnoll with your +0 short sword of speed.
You closely miss the gnoll with your +0 falchion.
The gnoll completely misses you. The gnoll hits you but does no damage.
You hit the gnoll but do no damage.
You hit the gnoll with your +0 falchion.
The gnoll closely misses you. x2
You slash the gnoll with your +0 falchion!
The gnoll is severely wounded.
You hit the gnoll with your +0 short sword of speed.
The gnoll closely misses you. The gnoll hits you with a +0 whip. x2
You hit the gnoll but do no damage.
The gnoll is almost dead.
You hit the gnoll but do no damage.
You hit the gnoll with your +0 falchion.
You kill the gnoll!
The gnoll barely misses you. The gnoll hits you with a +0 whip.
* * * LOW HITPOINT WARNING * * *
Unknown command.
You barely miss the gnoll with your +0 short sword of speed.
You slash the gnoll with your +0 falchion!
The gnoll hits you from afar with a +0 spear.
* * * LOW HITPOINT WARNING * * *
The gnoll closely misses you.
You closely miss the gnoll with your +0 falchion.
The gnoll is severely wounded.
You barely miss the gnoll with your +0 short sword of speed.
The gnoll hits you with a +0 whip.
* * * LOW HITPOINT WARNING * * *
The gnoll hits you from afar with a +0 spear.
* * * LOW HITPOINT WARNING * * *
You hit the gnoll with your +0 short sword of speed.
The gnoll is severely wounded.
You hit the gnoll with your +0 falchion.
The gnoll hits you from afar with a +0 spear.
* * * LOW HITPOINT WARNING * * *
The gnoll hits you with a +0 whip.
You die...

*,,,,,,,*,,,,*** **,,*
##........#..* **,,**
#............****,,**
#.......#....,,,,,**
###............,,****
#......w.....***,,*****
#.......g..<#* **,,,,,**
#.....)g.##.#####****,,,
******#@.........* ***,
#..........# *,
#.....>....###***,
#............,,,,.
#...........***,.#
#..........#***.#*
#..........###..#
#.#........#...#*
####.#..........#**


You could see 2 gnolls and a dart slug.

Vanquished Creatures
  Sigmund (D:2)
  A phantom (D:3)
  A gnoll (D:3)
  An adder (D:3)
  A dart slug (D:2)
  5 ball pythons
  4 endoplasms
  A giant cockroach (D:2)
  4 hobgoblins
  11 jackals
  4 kobolds
  2 quokkas
  4 bats
  9 frilled lizards
  4 goblins
  2 rats
55 creatures vanquished.

Notes
Turn   | Place    | Note
-------+----------+-------------------------------------------
     0 | D:1      | Aldia the Coglin Warper began the quest for the Orb.
     0 | D:1      | Reached XP level 1. HP: 16/16 MP: 3/3
    79 | D:1      | Reached skill level 1 in Armour
   189 | D:1      | Reached XP level 2. HP: 18/22 MP: 4/4
   192 | D:1      | Learned a level 2 spell: Blink
   516 | D:1      | Reached XP level 3. HP: 26/27 MP: 5/5
   864 | D:2      | Found a basalt altar of Yredelemnul.
  1044 | D:2      | Noticed Sigmund
  1057 | D:2      | Killed Sigmund
  1058 | D:2      | Reached XP level 4. HP: 10/35 MP: 7/7
  1058 | D:2      | Reached XP level 5. HP: 12/41 MP: 8/8
  1274 | D:2      | Identified the +2 robe of Greater Demons {^Drain rElec
                  | rPois rN++}
  1490 | D:3      | Found a runed translucent gate.
  1490 | D:3      | Found a runed translucent gate.
  1600 | D:3      | Reached XP level 6. HP: 46/47 MP: 9/9
  1701 | D:3      | Found a radiant altar of Vehumet.
  1705 | D:3      | Found a blossoming altar of Fedhas.
  1766 | D:3      | HP: 2/47 [gnoll/+0 spear (6)]
  1766 | D:3      | Slain by a gnoll

Illustrated notes

Levels and vault maps discovered:
D:1:      dpeg_arrival_arbitrary_c, layout_loops_ring, chequers_arboretum,
          corexii_corridor_pit
D:2:      layout_basic, basic_altar, uniq_sigmund
D:3:      layout_rooms, nicolae_tso_swordbearing_angel, minitemple,
          gammafunk_ghost_nasty_kobolds

Skill      XL: |  1  2  3  4  5  6 |
---------------+-------------------+-----
Armour         | 1 |  1.0
Dodging        | 2 |  2.2
Spellcasting   | 2 |  2.0
Long Blades    | 4 |  4.7
Fighting       | 3 |  3.4
Translocations | 4 |  4.0
Throwing       | |  0.8

Action                     |  1- 3 |  4- 6 || total
---------------------------+-------+-------++-------
  Melee: Falchion          |    89 |    35 ||   124
         Short sword       |    79 |    33 ||   112
         Dagger            |     3 |       ||     3
    Use: Scroll            |       |     5 ||     5
   Stab: Sleeping          |     1 |       ||     1
 Armour: Leather armour    |    53 |     2 ||    55
         Robe              |       |    23 ||    23
  Dodge: Dodged            |    62 |    26 ||    88

Table legend: (Time is in decaauts)
 A = Elapsed time spent in this place.
 B = Non-inter-level travel time spent in this place.
 C = Inter-level travel time spent in this place.
 D = Time resting spent in this place.
 E = Time spent auto-exploring this place.
 F = Levels seen in this place.
 G = Mean time per level.
                   A        B        C        D        E       F      G
               +--------+--------+--------+--------+--------+-----+--------+
         Total |   1748 |   1631 |    117 |      0 |   1289 |   3 |  582.7 |
       Dungeon |   1748 |   1631 |    117 |      0 |   1289 |   3 |  582.7 |
               +--------+--------+--------+--------+--------+-----+--------+

Top non-repeatable levels by time:
     D:1: 805 daAuts
     D:2: 673 daAuts
     D:3: 270 daAuts
